 Dungeon Crawl Stone Soup version 0.27.0-1-g7a089689b8 (webtiles) character file.

Game seed: 4636500716826058396

2174 SnakkuSnakku7 the Basher (level 9, -9/52 (54) HPs)
             Began as a Tengu Warper on Aug 8, 2021.
             Was a Follower of Makhleb.
             Mangled by a wight (13 damage)
             ... on level 7 of the Dungeon.
             The game lasted 00:08:45 (7619 turns).

SnakkuSnakku7 the Basher (Tengu Warper)             Turns: 7619, Time: 00:08:46

HP:   -9/52 (54)    AC: 11    Str: 16    XL:     9   Next: 32%
MP:   13/13         EV:  6    Int: 13    God:    Makhleb [*.....]
Gold: 357           SH:  0    Dex: 13    Spells: 12/12 levels left

rFire    + . .     SeeInvis .   a - +1 flail (vorpal)
rCold    + . .     Faith    .   (no shield)
rNeg     . . .     Spirit   .   v - +0 plate armour
rPois    .         Reflect  .   (helmet restricted)
rElec    .         Harm     .   p - +0 cloak
rCorr    .         Rampage  .   (no gloves)
Will     .....                  (boots unavailable)
Stlth    ..........             (no amulet)
HPRegen  0.17/turn              i - ring of protection from cold
MPRegen  0.13/turn              j - ring of protection from fire

@: flying quickly and evasively, lightly drained, quick
A: beak, talons 3, nimble flight
a: Renounce Religion


You were on level 7 of the Dungeon.
You worshipped Makhleb.
Makhleb was aware of your devotion.
You visited 1 branch of the dungeon, and saw 7 of its levels.

You collected 357 gold pieces.

Inventory:

Hand Weapons
 a - a +1 vorpal flail (weapon)
 t - a +0 mace
Missiles
 d - 3 boomerangs of dispersal (quivered)
Armour
 b - a +0 leather armour
 e - a +0 ring mail
 g - a +0 chain mail
 p - a +0 cloak (worn)
 v - a +0 plate armour (worn)
Jewellery
 i - a ring of protection from cold (left hand)
 j - a ring of protection from fire (right hand)
Wands
 x - a wand of acid (7)
 y - a wand of polymorph (9)
Scrolls
 c - a scroll of magic mapping
 m - 2 scrolls of fog {unknown}
 n - a scroll of summoning {unknown}
 o - 2 scrolls of holy word {unknown}
 r - 2 scrolls of torment {unknown}
 u - 3 scrolls of teleportation
 w - a scroll of vulnerability {unknown}
Potions
 f - 2 potions of mutation {unknown}
 h - a potion of heal wounds {unknown}
 k - 2 potions of curing {unknown}
 s - 2 potions of lignification
 z - a potion of cancellation


   Skills:
 - Level 5.0 Fighting
 + Level 10.9 Maces & Flails
 - Level 1.0 Throwing
 - Level 1.1 Armour
 - Level 2.1 Dodging
 - Level 2.0 Spellcasting
 - Level 2.4 Translocations
 - Level 5.0 Evocations


You had 12 spell levels left.
You didn't know any spells.
Your spell library contained the following spells:

 Spells                   Type           Power      Damage    Failure   Level
 Apportation              Tloc           14%        N/A       100%        1
 Sandblast                Erth           2%         2d4       100%        1
 Blink                    Tloc           N/A        N/A       100%        2
 Passwall                 Tmut/Erth      0%         N/A       100%        2
 Gell's Gravitas          Tloc           3%         N/A       100%        3
 Lesser Beckoning         Tloc           3%         N/A       100%        3
 Teleport Other           Tloc           7%         N/A       100%        3
 Alistair's Intoxication  Tmut/Pois      0%         N/A       100%        5
 Lee's Rapid Deconstruct  Erth           0%         3d5*      100%        5
 Manifold Assault         Tloc           7%         N/A       100%        5
 Invisibility             Hex            0%         N/A       100%        6


Dungeon Overview and Level Annotations

Branches:
Dungeon (7/15)             Temple (0/1) D:5

Altars:
Cheibriados
Elyvilon
Gozag
Makhleb
The Shining One


Innate Abilities, Weirdness & Mutations

You have a beak for a mouth.
You have claws for feet.
Your magical nature lets you fly swiftly and evasively.


Message History

You hit the jelly.
Your hands burn!
You claw the jelly, but do no damage.
The jelly is almost dead.
The jelly barely misses you.
You hit the jelly.
You kill the jelly!
Makhleb accepts your kill.
You start resting.
A wight comes into view. It is wielding a +4 dagger.
You start resting.
You are no longer corroded.
You start resting.
A wight is nearby!
A wight comes into view. It is wielding a +0 spear.
You reach down and open the door.
There is an open door here.
You sock the wight! You claw the wight, but do no damage.
The wight is severely damaged.
The wight hits you with a +4 dagger!
You barely miss the wight.
The wight is severely damaged.
The wight hits you from afar with a +0 spear.
You feel drained. The wight barely misses you.
You hit the wight but do no damage.
The wight is severely damaged.
The wight hits you from afar with a +0 spear!
* * * LOW HITPOINT WARNING * * *
The wight hits you with a +4 dagger.
* * * LOW HITPOINT WARNING * * *
You barely miss the wight. You claw the wight, but do no damage.
The wight is severely damaged.
The wight hits you from afar with a +0 spear.
* * * LOW HITPOINT WARNING * * *
A wight comes into view.
It is wielding a +4 dire flail of freezing.
The wight throws a stone.
The stone hits you but does no damage.
A wight comes into view.
It is wielding a +2 long sword of freezing.
A wight comes into view. It is wielding a +0 dagger.
You hit the wight but do no damage. You claw the wight, but do no damage.
Your peck misses the wight. The wight hits you but does no damage.
The wight hits you with a +4 dire flail of freezing!
You die...

..................* *.##***
..#..............,**#...,,*
..+.............,,*#..#**,*
..#.......#...#*###...###,*
..##....).#...###≈≈...≈≈#.#
.......)).......#≈..♣..≈#.#
..(.(..)......[z..r.......#
...............z..♣._.♣...#
...............z@........#*
..........#######≈z.♣..≈#*
.#...###'########≈≈...≈≈#
.......#........###z..###
######.########.z....## *.#
######## *,* *,* *,*


You could see 5 wights and a neutral quokka (wandering).

Vanquished Creatures
  A two-headed ogre (D:5)
  A steam dragon (D:6)
  3 sky beasts
  2 ice beasts
  A centaur (D:5)
  2 phantoms
  A kobold brigand (D:7)
  2 killer bees (D:7)
  A howler monkey (D:4)
  5 jellies
  A hound (D:5)
  3 orc priests
  A bullfrog skeleton (D:6)
  An iguana (D:5)
  An orc wizard (D:6)
  A hound skeleton (D:5)
  6 gnolls
  2 adders
  A shadow imp (D:5)
  3 worms
  4 dart slugs
  6 orcs
  8 ball pythons
  8 endoplasms
  A giant cockroach (D:1)
  2 goblins
  9 hobgoblins
  5 jackals
  7 kobolds
  A quokka (D:1)
  2 bats
  2 frilled lizards (D:3)
  A jackal skeleton (D:4)
  5 rats
100 creatures vanquished.

Notes
Turn   | Place    | Note
-------+----------+-------------------------------------------
     0 | D:1      | SnakkuSnakku7 the Tengu Warper began the quest for the Orb.
     0 | D:1      | Reached XP level 1. HP: 12/12 MP: 4/4
    48 | D:1      | Found a faded altar of an unknown god.
    65 | D:1      | Reached XP level 2. HP: 16/18 MP: 6/6
   357 | D:1      | Reached skill level 3 in Maces & Flails
   679 | D:2      | Reached XP level 3. HP: 20/22 MP: 7/7
  1742 | D:3      | Reached XP level 4. HP: 2/28 MP: 8/8
  2215 | D:3      | Reached skill level 4 in Maces & Flails
  2431 | D:3      | Gained mutation: Your magical nature lets you fly swiftly
                  | and evasively. [Tengu growth]
  2431 | D:3      | Reached XP level 5. HP: 25/33 MP: 9/9
  2667 | D:3      | Found a glowing golden altar of the Shining One.
  2875 | D:4      | Noticed a sky beast
  2875 | D:4      | Noticed a sky beast
  2891 | D:4      | Noticed a phantom
  3704 | D:4      | Found a burning altar of Makhleb.
  3784 | D:4      | Became a worshipper of Makhleb the Destroyer
  3974 | D:4      | Killed a sky beast
  3975 | D:4      | Reached skill level 5 in Maces & Flails
  3975 | D:4      | Reached XP level 6. HP: 23/39 MP: 10/10
  4140 | D:3      | Killed a sky beast
  4141 | D:3      | Reached skill level 5 in Fighting
  4141 | D:3      | Reached skill level 6 in Maces & Flails
  4141 | D:3      | Reached XP level 7. HP: 28/44 MP: 11/11
  4548 | D:5      | Entered Level 5 of the Dungeon
  4593 | D:5      | Reached skill level 1 in Evocations
  4635 | D:5      | Found a staircase to the Ecumenical Temple.
  4859 | D:5      | Noticed a two-headed ogre
  4863 | D:5      | Reached skill level 7 in Maces & Flails
  4870 | D:5      | Killed a two-headed ogre
  4871 | D:5      | Reached skill level 8 in Maces & Flails
  4871 | D:5      | Reached skill level 5 in Evocations
  4871 | D:5      | Reached XP level 8. HP: 7/49 MP: 12/12
  5625 | D:6      | Reached skill level 9 in Maces & Flails
  5809 | D:6      | Found an opulent altar of Gozag.
  6188 | D:6      | Reached XP level 9. HP: 48/54 MP: 13/13
  6433 | D:6      | Reached skill level 10 in Maces & Flails
  7071 | D:7      | Found a snail-covered altar of Cheibriados.
  7189 | D:7      | Reached * piety under Makhleb
  7283 | D:7      | Found a white marble altar of Elyvilon.
  7608 | D:7      | HP: 2/52 [wight (6)]
  7619 | D:7      | Mangled by a wight

Illustrated notes

Levels and vault maps discovered:
D:1:      wander_arrival_peaceful_grave, layout_rooms,
          shapermc_ecumenical_altar_mp_ritualfount
D:2:      layout_basic, nrook_loot_triangle
D:3:      layout_loops_cross, nicolae_tso_swordbearing_angel
D:4:      layout_basic, kennysheep_mini_moat
D:5:      layout_gridville, minmay_temple_entry_statues_pillars,
          minmay_misc_feat_secret_circle
D:6:      layout_layer_cave, lemuel_crystal_altar, minivault_22
D:7:      layout_basic, elyvilon_altar_4, kennysheep_slug_shrine,
          grunt_decor_resistance

Skill      XL: |  1  2  3  4  5  6  7  8  9 |
---------------+----------------------------+-----
Maces & Flails | 3 4 5 6 8 9 10 | 10.9
Fighting       | 3 4 5 |  5.0
Evocations     | 5 |  5.0
Throwing       | |  1.0
Armour         | |  1.1
Dodging        | |  2.1
Spellcasting   | |  2.0
Translocations | |  2.4

Action                   |  1- 3 |  4- 6 |  7- 9 || total
-------------------------+-------+-------+-------++-------
Melee: Mace              |    88 |    97 |       ||   185
       Kick              |    22 |    23 |    41 ||    86
       Peck              |    12 |    25 |    27 ||    64
       Flail             |       |    22 |   135 ||   157
Throw: Boomerang         |       |     1 |     1 ||     2
Evoke: Wand              |       |     4 |     5 ||     9
  Use: Scroll            |       |     1 |     6 ||     7
Armor: Leather armour    |     4 |       |       ||     4
       Chain mail        |    38 |    76 |       ||   114
       Ring mail         |     3 |       |       ||     3
       Plate armour      |       |       |    83 ||    83
Dodge: Dodged            |    31 |    29 |    30 ||    90
